 Dungeon Sprint DCSS version 0.22-a0-305-gd21a89c (webtiles) character file.

18193 w00t the Warrior (level 12, -2/97 HPs)
             Began as a Gargoyle Fighter on Mar 31, 2018.
             Was a High Priest of Sif Muna.
             Killed from afar by a rakshasa (14 damage)
             ... with an orb of energy
             ... in the Dungeon (Sprint IX: "|||||||||||||||||||||||||||||").
             The game lasted 00:09:58 (2295 turns).

w00t the Warrior (Gargoyle Fighter)                 Turns: 2295, Time: 00:09:59

Health: -2/97      AC: 31    Str: 21    XL:     12   Next: 55%
Magic:  12/12      EV: 14    Int: 13    God:    Sif Muna [*****.]
Gold:   1908       SH:  0    Dex: 12    Spells: 11/11 levels left

rFire    . . .     SeeInvis .   a - +8 dire flail (protect)
rCold    + . .     Gourm    .   (shield currently unavailable)
rNeg     + . .     Faith    .   j - +0 plate armour
rPois    ∞         Spirit   .   w - +0 helmet
rElec    +         Reflect  .   p - +2 cloak
rCorr    .         Harm     .   u - +0 pair of gloves "Badd" {+Inv rC+}
MR       .....     NoTele   +   o - +2 pair of boots
Stlth    ..........             (no amulet)
HPRegen  0.26/turn              q - +3 ring of dexterity
MPRegen  0.13/turn              r - +2 ring of evasion

@: divine energy
A: negative energy resistance 1, electricity resistance, unbreathing,
petrification resistance, rot immunity, AC +8
a: Stop Divine Energy, Channel Magic, Forget Spell, Renounce Religion, Evoke
Invisibility


You were in the Dungeon.
You worshipped Sif Muna.
Sif Muna was extremely pleased with you.
You were not hungry.

You visited 1 branch You collected 1908 gold pieces.

Inventory:

Hand Weapons
 a - a +8 dire flail of protection (weapon)
 t - a +0 flail
Missiles
 v - 14 sling bullets
Armour
 c - a +0 shield
 j - a +0 plate armour (worn)
 o - a +2 pair of boots (worn)
 p - a +2 cloak (worn)
 s - a +2 ring mail
 u - the +0 pair of gloves "Badd" (worn) {+Inv rC+}
   (You found it in the Dungeon)

   It protects you from cold.
   It lets you turn invisible.
 w - a +0 helmet (worn)
Magical Staves
 b - an uncursed staff of energy {+MP, hungerless spells, !d!a}
Jewellery
 q - a +3 ring of dexterity (left hand)
 r - a +2 ring of evasion (right hand)
 x - an uncursed ring of protection from cold {rC+, !d}
 y - an uncursed ring of protection from magic {MR+, !d}
 z - an uncursed ring of protection from fire {rF+, !d}
Wands
 n - a wand of iceblast (10)
Scrolls
 k - 5 scrolls of blinking {!r}
 l - 3 scrolls of remove curse {@r2}
 m - 2 scrolls of amnesia
 C - 2 scrolls of identify {@r1}
 D - a scroll of fog
Potions
 d - a potion of resistance
 e - 5 potions of curing {@q1}
 g - 11 potions of heal wounds {@q2}
 i - 4 potions of magic
 A - a potion of berserk rage {!q}
 B - a potion of might
Comestibles
 f - 11 rations


   Skills:
 + Level 20.7 Fighting
 - Level 14.1 Maces & Flails
 + Level 8.0 Armour
 - Level 13.6 Dodging
 + Level 11.2 Stealth
 - Level 3.2 Shields


You had 11 spell levels left.
You didn't know any spells.

Dungeon Overview and Level Annotations

Branches:
Dungeon (1/1)

Altars:
Cheibriados
Dithmenos
Elyvilon
Fedhas
Gozag
Hepliaklqana
Kikubaaqudgha
Makhleb
Nemelex Xobeh
Okawaru
Qazlal
Ru
Sif Muna
Trog
Uskayaw
Vehumet
Wu Jian
Xom
Yredelemnul
Zin
The Shining One
Beogh
Jiyva
Lugonu

Shops:
D [*![


Innate Abilities, Weirdness & Mutations

You are resistant to torment.
Your stone body is resilient. (AC +8)
You are immune to poison.
You resist negative energy. (rN+)
You are resistant to electric shocks. (rElec)
You can survive without breathing.
You are immune to petrification.
You are immune to rotting.


Message History

The wizard is severely wounded.
You sock the wizard!
The wizard is almost dead.
The wizard hits you but does no damage.
You sock the wizard!
The wizard is almost dead.
The rakshasa barely misses you.
You impale the wizard!!
You kill the wizard!
The wizard's corpse shimmers and vanishes!
The rakshasa weaves an illusion.
The rakshasa gestures at you. The orb of energy hits you!
You see here a large rock {!d}.
The rakshasa gestures at you. The orb of energy hits you!
* * * LOW HITPOINT WARNING * * *
The rakshasa gestures at you. The orb of energy hits you!
You die...

)..........'÷........'.........'.
▓▓▓▓▓▓▓▓▓▓▓▓▓▓▓▓▓▓▓▓▓▓▓▓▓▓▓▓▓▓▓▓▓
.................................
▓▓▓▓▓▓▓▓▓▓▓▓▓▓▓▓▓▓▓▓▓▓▓▓▓▓▓▓▓▓▓▓▓
∩)∩.∩)∩).))))).....)))))))...))))
▓▓▓▓▓▓▓▓▓▓▓▓▓▓▓▓▓▓▓▓▓▓▓▓▓▓▓▓▓▓▓▓▓
.................................
▓▓▓▓▓▓▓▓▓▓▓▓▓▓▓▓▓▓▓▓▓▓▓▓▓▓▓▓▓▓▓▓▓
....{:))(CTTR(..@....[[[[[[[[.)))
▓▓▓▓▓▓▓▓▓▓▓▓▓▓▓▓▓▓▓▓▓▓▓▓▓▓▓▓▓▓▓▓▓


You could see a stone giant, a rakshasa and 2 deep troll shamans.

Vanquished Creatures
  A stone giant (D)
  A dire elephant (D)
  A great orb of eyes (D)
  A hydra (D)
  A centaur warrior (D)
  A two-headed ogre (D)
  A tengu warrior (D)
  A wizard (D)
  An ugly thing (D)
  A deep elf mage (D)
  4 orc knights (D)
  7 orc sorcerers (D)
  A cyclops (D)
  7 elephants (D)
  A troll (D)
  A polar bear (D)
  3 blink frogs (D)
  2 hippogriffs (D)
  2 yaks (D)
  3 water moccasins (D)
  12 orc warriors (D)
  A phantom (D)
  An ice beast (D)
  A wolf (D)
  An ogre (D)
  A centaur (D)
  4 crocodiles (D)
  2 bullfrogs (D)
  A scorpion (D)
  3 orc priests (D)
  An iguana (D)
  9 orc wizards (D)
  A worker ant (D)
  2 shadow imps (D)
  An adder zombie (D)
  A leopard gecko (D)
  5 orcs (D)
  A bat skeleton (D)
  A bat zombie (D)
  A goblin (D)
  2 hobgoblins (D)
  A giant cockroach zombie (D)
  A kobold (D)
  A rat (D)
96 creatures vanquished.

Vanquished Creatures (others)
  A spatial maelstrom (D)
  An unseen horror (D)
2 creatures vanquished.

Grand Total: 98 creatures vanquished

Notes
Turn   | Place    | Note
-------+----------+-------------------------------------------
     0 | D        | w00t the Gargoyle Fighter began the quest for the Orb.
     0 | D        | Reached XP level 1. HP: 14/14 MP: 1/1
     3 | D        | Banished a spatial maelstrom
    12 | D        | Reached skill level 4 in Fighting
    29 | D        | Reached skill level 5 in Fighting
    82 | D        | Noticed an ice beast
    82 | D        | Noticed an orc wizard
    97 | D        | Killed an orc wizard
    97 | D        | Reached skill level 7 in Fighting
    97 | D        | Reached XP level 2. HP: 12/24 MP: 2/2
    97 | D        | Reached XP level 3. HP: 14/28 MP: 3/3
   106 | D        | Killed an ice beast
   106 | D        | Reached skill level 10 in Fighting
   106 | D        | Reached XP level 4. HP: 20/39 MP: 4/4
   106 | D        | Reached XP level 5. HP: 22/43 MP: 5/5
   107 | D        | Reached skill level 11 in Fighting
   114 | D        | Found a roughly hewn altar of Beogh.
   114 | D        | Found a snail-covered altar of Cheibriados.
   114 | D        | Found a shadowy altar of Dithmenos.
   114 | D        | Found a white marble altar of Elyvilon.
   114 | D        | Found a blossoming altar of Fedhas.
   114 | D        | Found an opulent altar of Gozag.
   255 | D        | Found a hazy altar of Hepliaklqana.
   256 | D        | Found a viscous altar of Jiyva.
   257 | D        | Found an ancient bone altar of Kikubaaqudgha.
   258 | D        | Found a corrupted altar of Lugonu.
   259 | D        | Found a burning altar of Makhleb.
   260 | D        | Found a sparkling altar of Nemelex Xobeh.
   261 | D        | Found an iron altar of Okawaru.
   262 | D        | Found a stormy altar of Qazlal.
   263 | D        | Found a sacrificial altar of Ru.
   264 | D        | Found a deep blue altar of Sif Muna.
   265 | D        | Found a bloodstained altar of Trog.
   266 | D        | Found a hide-covered altar of Uskayaw.
   267 | D        | Found a radiant altar of Vehumet.
   268 | D        | Found an ornate altar of the Wu Jian Council.
   269 | D        | Found a shimmering altar of Xom.
   270 | D        | Found a basalt altar of Yredelemnul.
   271 | D        | Found a glowing silver altar of Zin.
   272 | D        | Found a glowing golden altar of the Shining One.
   282 | D        | Became a worshipper of Sif Muna the Loreminder
   374 | D        | Reached skill level 5 in Maces & Flails
   379 | D        | Reached XP level 6. HP: 50/51 MP: 6/6
   389 | D        | Noticed a deep elf mage
   389 | D        | Noticed a two-headed ogre
   389 | D        | Noticed a white ugly thing
   389 | D        | Noticed a yak
   389 | D        | Noticed a phantom
   391 | D        | Noticed a tarantella
   400 | D        | Killed a phantom
   400 | D        | Reached * piety under Sif Muna
   400 | D        | Reached skill level 12 in Fighting
   410 | D        | Killed a yak
   410 | D        | Reached XP level 7. HP: 46/56 MP: 7/7
   411 | D        | Noticed a jumping spider
   435 | D        | Noticed an orange demon
   442 | D        | Noticed a red devil
   456 | D        | Noticed a sixfirhy
   461 | D        | Noticed an orange demon
   461 | D        | Killed a deep elf mage
   461 | D        | Reached skill level 13 in Fighting
   461 | D        | Reached skill level 10 in Maces & Flails
   461 | D        | Reached skill level 5 in Dodging
   461 | D        | Reached XP level 8. HP: 63/63 MP: 8/8
   469 | D        | Killed a brown ugly thing
   475 | D        | Killed a two-headed ogre
   475 | D        | Reached skill level 14 in Fighting
   475 | D        | Reached XP level 9. HP: 59/70 MP: 9/9
   634 | D        | Got the +0 pair of gloves "Badd" {+Inv rC+}
   693 | D        | Reached ** piety under Sif Muna
   705 | D        | Reached skill level 15 in Fighting
   732 | D        | Noticed a polar bear
   736 | D        | Reached XP level 10. HP: 76/76 MP: 10/10
   745 | D        | Noticed a four-headed hydra
   755 | D        | Reached skill level 16 in Fighting
   758 | D        | Reached *** piety under Sif Muna
   765 | D        | Killed a four-headed hydra
   765 | D        | Reached skill level 10 in Dodging
   886 | D        | Noticed an elephant
   886 | D        | Noticed an elephant
   886 | D        | Noticed an elephant
   886 | D        | Noticed an elephant
   886 | D        | Noticed an elephant
   886 | D        | Noticed a dire elephant
   889 | D        | Noticed an elephant
   894 | D        | Killed a dire elephant
   894 | D        | Reached skill level 17 in Fighting
   900 | D        | Killed an elephant
   905 | D        | Noticed an elephant
   908 | D        | Killed an elephant
   915 | D        | Killed an elephant
   915 | D        | Reached XP level 11. HP: 38/86 MP: 11/11
   927 | D        | Reached skill level 18 in Fighting
  1359 | D        | Noticed an orc knight
  1359 | D        | Noticed an orc knight
  1365 | D        | Killed an orc knight
  1378 | D        | Killed an orc knight
  1381 | D        | Reached **** piety under Sif Muna
  1650 | D        | Noticed an orc knight
  1659 | D        | Reached skill level 1 in Stealth
  1665 | D        | Reached skill level 19 in Fighting
  1672 | D        | Reached ***** piety under Sif Muna
  1683 | D        | Killed an orc knight
  1691 | D        | Identified Sif Muna's Almanac of Malediction (Sif Muna gifted it to you in the Dungeon)
  1691 | D        | Received a gift from Sif Muna
  1929 | D        | Found Mevotsed's Armour Boutique.
  1929 | D        | Noticed an orc sorcerer
  1929 | D        | Noticed an orc sorcerer
  1937 | D        | Killed an orc sorcerer
  1937 | D        | Reached skill level 5 in Stealth
  1944 | D        | Killed an orc sorcerer
  1945 | D        | Found Omack's Distillery.
  1950 | D        | Found Favvexawoi's Assorted Antiques.
  1951 | D        | Noticed an orc sorcerer
  1953 | D        | Paralysed by an orc sorcerer for 6 turns
  1961 | D        | Noticed an orc sorcerer
  1965 | D        | Noticed an orc sorcerer
  1969 | D        | Paralysed by an orc sorcerer for 4 turns
  1981 | D        | Killed an orc sorcerer
  1982 | D        | Found Musi's Antique Armour Shop.
  1985 | D        | Killed an orc sorcerer
  1986 | D        | Killed an orc sorcerer
  1990 | D        | Noticed an orc sorcerer
  1992 | D        | Noticed an orc sorcerer
  1999 | D        | Killed an orc sorcerer
  1999 | D        | Reached XP level 12. HP: 96/96 MP: 12/12
  2187 | D        | Noticed a centaur warrior
  2187 | D        | Noticed a tengu warrior
  2197 | D        | Noticed a stone giant
  2199 | D        | Killed a tengu warrior
  2199 | D        | Reached skill level 20 in Fighting
  2208 | D        | Reached skill level 5 in Armour
  2209 | D        | Noticed a great orb of eyes
  2210 | D        | Noticed a rakshasa
  2215 | D        | Killed a centaur warrior
  2224 | D        | Noticed a deep troll shaman
  2227 | D        | Killed a stone giant
  2227 | D        | Reached skill level 10 in Stealth
  2228 | D        | Noticed an ogre mage
  2233 | D        | Noticed a stone giant
  2245 | D        | Paralysed by a great orb of eyes for 2 turns
  2247 | D        | Noticed an ogre mage
  2255 | D        | Paralysed by a great orb of eyes for 4 turns
  2260 | D        | Killed a great orb of eyes
  2260 | D        | Identified Sif Muna's Almanac of Ghastly Flight (Sif Muna gifted it to you in the Dungeon)
  2260 | D        | Received a gift from Sif Muna
  2295 | D        | Killed from afar by a rakshasa

Vault maps used:
D:        linesprint

Skill      XL: |  1  2  3  4  5  6  7  8  9 10 11 12 |
---------------+-------------------------------------+-----
Fighting       | 7 10 11 12 13 14 15 17 19 20 | 20.7
Maces & Flails | 5 8 10 12 14 | 14.1
Dodging        | 3 5 6 8 11 13 | 13.6
Stealth        | 7 11 | 11.2
Armour         | 8 |  8.0
Shields        | |  3.2

Action                   |  1- 3 |  4- 6 |  7- 9 | 10-12 || total
-------------------------+-------+-------+-------+-------++-------
Melee: Flail             |    48 |     2 |       |       ||    50
       Dire flail        |       |    42 |    98 |   307 ||   447
Invok: Divine Energy     |       |       |     1 |       ||     1
  Use: Potion            |     1 |     1 |     3 |     2 ||     7
       Scroll            |       |       |    10 |       ||    10
 Stab: Invisible         |       |     3 |     2 |       ||     5
  Eat: Chunk             |       |       |       |     5 ||     5
Armor: Scale mail        |    18 |       |       |       ||    18
       Ring mail         |       |    17 |    34 |    38 ||    89
       Plate armour      |       |       |       |   100 ||   100
Dodge: Dodged            |     7 |    17 |    47 |   107 ||   178
Block: Shield            |    21 |       |       |       ||    21

Table legend:
 A = Spawn XP
 B = Non-spawn XP
 C = Spawn XP percentage of total XP
 D = Spawn monster count
 E = Non-spawn monster count
 F = Spawn count percentage of total count
 G = Total turns spent on level
                    A         B        C        D         E        F      G
               +---------+---------+-------+---------+---------+-------+---------
         Total |       0 |   25990 |   0.0 |       0 |      97 |   0.0 |  2295
               +---------+---------+-------+---------+---------+-------+---------
             D |       0 |   25990 |   0.0 |       0 |      97 |   0.0 |  2295
               +---------+---------+-------+---------+---------+-------+---------
